Map: [ESL] Inside and Out

Players

DPGJieShi (Jieshi) - Winner!

  • Race: Protoss Protoss

iGMacSed (MacSed)

  • Race: Protoss Protoss

Event: DreamHack SC2 Masters 2022 Atlanta (Online)

VOD

Have the link to the VOD?

Description

Time

  • Played on: Oct. 5, 2022, 7:31 a.m.
  • Length: 9:59

All games in this series

Show
View Real Time Build Order
Export as new Build Order

DPGJieShi Protoss - Winner!

Build Orders:  

Get SALT Encoding   

  12  0:00  Probe  
  13  0:12  Probe  
  14  0:17  Pylon  
  14  0:24  Probe (Chrono Boost)  
  15  0:37  Probe (Chrono Boost)  
  15  0:38  Gateway  
  16  0:44  Probe (Chrono Boost)  
  16  0:47  Assimilator  
  17  0:51  Probe  
  18  1:03  Probe  
  19  1:11  Pylon  
  19  1:15  Probe  
  22  1:25  Zealot  
  22  1:27  Probe, Cybernetics Core  
  23  1:33  Pylon  
  23  1:39  Probe  
  24  1:51  Probe  
  25  2:02  Stalker (Chrono Boost)  
  25  2:05  Warp Gate (Chrono Boost)  
  27  2:14  Nexus  
  27  2:15  Probe  
  28  2:24  Stalker (Chrono Boost)  
  28  2:28  Probe  
  31  2:38  Gateway  
  31  2:40  Probe  
  32  2:49  Stalker  
  34  2:52  Probe  
  35  2:59  Gateway  
  35  3:04  Probe, Assimilator  
  36  3:17  Probe (Chrono Boost)  
  35  3:24  Shield Battery  
  35  3:27  Probe (Chrono Boost)  
  36  3:28  Robotics Facility  
  37  3:34  Probe (Chrono Boost)  
  37  3:36  Probe (Chrono Boost)  
  37  3:38  Shield Battery  
  37  3:41  Probe x2 (Chrono Boost)  
  40  3:49  Adept  
  40  3:51  Adept  
  40  3:52  Probe  
  40  3:53  Probe  
  46  4:01  Twilight Council  
  46  4:04  Probe  
  46  4:05  Probe  
  48  4:12  Stalker  
  48  4:16  Probe  
  48  4:21  Probe  
  46  4:24  Stalker  
  46  4:29  Probe (Chrono Boost)  
  47  4:35  Assimilator  
  47  4:36  Probe (Chrono Boost)  
  48  4:41  Probe (Chrono Boost), Blink (Chrono Boost), Pylon  
  50  4:46  Probe (Chrono Boost), Pylon  
  50  4:52  Forge  
  50  4:57  Pylon  
  50  4:59  Probe x2  
  52  5:00  Pylon  
  52  5:06  Observer  
  53  5:07  Stalker  
  53  5:11  Stalker  
  53  5:12  Pylon  
  53  5:13  Probe x2  
  58  5:16  Protoss Ground Weapons Level 1  
  57  5:25  Probe x2  
  59  5:32  Nexus  
  59  5:35  Shield Battery  
  59  5:42  Probe x2  
  61  5:44  Stalker  
  61  5:45  Stalker  
  65  5:50  Stalker  
  65  5:54  Probe x2  
  69  6:06  Pylon  
  69  6:08  Photon Cannon  
  69  6:10  Probe x2  
  71  6:11  Stalker  
  71  6:12  Stalker  
  71  6:16  Stalker  
  77  6:22  Probe  
  77  6:23  Probe, Pylon  
  79  6:32  Immortal  
  83  6:36  Probe  
  83  6:37  Pylon  
  84  6:40  Charge (Chrono Boost)  
  84  6:49  Gateway  
  84  6:51  Gateway  
  83  7:18  Gateway  
  83  7:20  Gateway, Stalker x3  
  83  7:21  Probe  
  90  7:23  Gateway, Photon Cannon  
  90  7:27  Photon Cannon  
  90  7:28  Protoss Ground Weapons Level 2 (Chrono Boost), Pylon  
  90  7:30  Observer  
  90  7:33  Probe x2  
  90  7:34  Probe  
  94  7:48  Sentry, Stalker x3  
  94  7:50  Stalker, Pylon  
  104  7:56  Pylon  
  104  8:00  Pylon  
  104  8:03  Shield Battery  
  104  8:05  Photon Cannon  
  104  8:06  Probe  
  105  8:13  Stalker x2  
  105  8:16  Stalker x2  
  105  8:19  Pylon  
  113  8:23  Warp Prism  
  109  8:29  Stalker x3  
  109  8:30  Zealot  
  117  8:43  Stalker x2  
  117  8:48  Nexus  
  121  8:49  Photon Cannon  
  121  8:53  Shield Battery  
  121  8:58  Stalker x2  
  121  9:00  Zealot  
  127  9:03  Stalker  
  125  9:27  Zealot x2  
  125  9:28  Zealot x6  
  141  9:48  Stalker x2  
  141  9:49  Zealot x3, Stalker x2  
Show
View Real Time Build Order
Export as new Build Order

iGMacSed Protoss 

Build Orders: Oracle Opening, Archon Immortal 

Get SALT Encoding   

  12  0:00  Probe  
  13  0:12  Probe  
  14  0:19  Pylon  
  14  0:24  Probe  
  15  0:37  Probe (Chrono Boost)  
  15  0:38  Gateway  
  16  0:46  Probe (Chrono Boost)  
  16  0:47  Assimilator  
  17  0:51  Probe  
  18  1:04  Probe  
  19  1:16  Probe (Chrono Boost), Pylon  
  20  1:24  Assimilator  
  20  1:28  Probe (Chrono Boost), Cybernetics Core  
  20  1:29  Zealot  
  23  1:33  Probe (Chrono Boost)  
  23  1:38  Pylon  
  24  1:43  Probe  
  25  1:55  Probe  
  26  2:04  Warp Gate  
  26  2:05  Stalker (Chrono Boost)  
  27  2:22  Stargate  
  27  2:28  Nexus  
  27  2:35  Stalker  
  29  2:38  Probe  
  30  2:45  Shield Battery  
  30  2:52  Pylon  
  30  2:54  Probe  
  31  3:10  Probe  
  32  3:14  Oracle (Chrono Boost)  
  33  3:22  Gateway  
  33  3:23  Probe  
  34  3:27  Shield Battery  
  34  3:35  Probe  
  35  3:43  Oracle (Chrono Boost)  
  38  3:51  Probe x2  
  38  3:53  Stalker  
  42  4:03  Probe x2  
  40  4:20  Stalker x2  
  40  4:24  Probe  
  44  4:25  Probe  
  44  4:36  Probe (Chrono Boost)  
  44  4:38  Probe (Chrono Boost)  
  46  4:39  Twilight Council  
  46  4:48  Probe (Chrono Boost)  
  46  4:49  Phoenix  
  46  4:50  Probe (Chrono Boost)  
  50  4:55  Probe (Chrono Boost)  
  50  4:56  Probe (Chrono Boost), Pylon  
  52  5:02  Probe  
  52  5:05  Forge, Probe  
  54  5:14  Probe  
  54  5:17  Probe  
  53  5:26  Probe, Assimilator  
  53  5:28  Assimilator  
  54  5:29  Charge  
  54  5:30  Robotics Facility  
  54  5:32  Probe  
  55  5:39  Probe  
  55  5:42  Pylon  
  56  5:44  Protoss Ground Weapons Level 1 (Chrono Boost)  
  56  5:55  Probe  
  56  5:56  Probe  
  58  5:57  Zealot x2  
  58  6:03  Gateway  
  62  6:04  Gateway  
  62  6:07  Probe, Pylon  
  63  6:12  Pylon  
  63  6:14  Observer  
  63  6:17  Observer (Chrono Boost)  
  64  6:18  Sentry  
  64  6:19  Zealot  
  64  6:23  Pylon  
  68  6:30  Immortal (Chrono Boost)  
  72  6:39  Gateway  
  72  6:42  Gateway  
  72  6:48  Zealot x2  
  76  7:01  Gateway  
  76  7:04  Immortal (Chrono Boost)  
  78  7:12  Pylon  
  78  7:14  Pylon  
  76  7:20  Pylon  
  76  7:23  Pylon  
  76  7:24  Templar Archives  
  76  7:34  Immortal (Chrono Boost)  
  80  7:40  Gateway  
  78  7:47  Gateway  
  78  7:53  Gateway  
  78  8:03  High Templar x4  
  78  8:04  Zealot  
  88  8:08  Archon  
  87  8:14  Archon  
  87  8:25  Immortal (Chrono Boost)  
  81  8:30  Nexus  
  81  8:32  Pylon  
  83  8:43  High Templar x2  
  83  8:44  Zealot x4  
  83  8:48  Probe x2  
  97  8:50  Archon  
  97  8:57  Cybernetics Core  
  97  9:03  Probe  
  97  9:06  Probe  
  97  9:13  High Templar x2  
  101  9:17  Archon  
  101  9:22  Zealot x6  
  111  9:33  Pylon  
  111  9:38  Shield Battery  
  101  9:42  Zealot x3  
  101  9:43  Zealot  
Tags
 
Add a new tag
Caveats
  • Supply blocks, unpowered buildings, or Contaminate may cause inaccurate times.
  • Supply counts are checked every 10 seconds.